 Dungeon Crawl Stone Soup version 0.13.0-21-ge43020b (webtiles) character file.

201 JacquesDerrida the Cudgeler (level 5, 0/50 HPs)
             Began as an Ogre Hunter on Oct 27, 2013.
             Slain by a gnoll
             ... wielding a +0,+0 spear
              (2 damage)
             ... on Level 3 of the Dungeon.
             The game lasted 00:04:04 (1818 turns).

JacquesDerrida the Cudgeler (Ogre Hunter)           Turns: 1818, Time: 00:04:04

HP   0/50        AC  3     Str 17      XL: 5   Next:  0%
MP   4/4         EV 10     Int 11      God:
Gold 85          SH  0     Dex 10      Spells:  0 memorised,  4 levels left

Res.Fire  : . . .   See Invis. : .   a - +1 club {=f}
Res.Cold  : . . .   Warding    : .   d - +0 animal skin
Life Prot.: . . .   Conserve   : .   (shield restricted)
Res.Poison: .       Res.Corr.  : .   (helmet restricted)
Res.Elec. : .       Clarity    : .   (no cloak)
Sust.Abil.: . .     Spirit.Shd : .   (gloves unavailable)
Res.Mut.  : .       Stasis     : .   (boots unavailable)
Res.Rott. : .       Flight     : .   (no amulet)
Saprovore : + . .                    (no ring)
                                     (no ring)

@: slightly resistant to hostile enchantments, unstealthy
A: unfitting armour, fast metabolism 1, saprovore 1, tough skin 1
a: no special abilities


You were on level 3 of the Dungeon.
You were hungry.

You visited 1 branch of the dungeon, and saw 3 of its levels.

You collected 65 gold pieces.

Inventory:

Hand weapons
 a - a +1,+1 club (weapon) {=f}
Missiles
 c - 2 throwing nets (quivered)
Armour
 d - a +0 animal skin (worn)
Comestibles
 f - 4 meat rations
 i - 2 bread rations
Scrolls
 e - 2 scrolls of curse weapon {unknown}
 g - 4 scrolls of blinking {unknown}
 h - 2 scrolls of remove curse {unknown}
 k - a scroll of identify {unknown}
 l - a scroll of teleportation {unknown}
 o - a scroll of curse jewellery {unknown}
 q - a scroll of enchant armour {unknown}
 t - a scroll of noise {unknown}
 u - a scroll of recharging {unknown}
Potions
 j - a potion of confusion {unknown}
 m - a potion of degeneration {unknown}
 p - a potion of brilliance {unknown}
 s - a potion of might {unknown}


   Skills:
 - Level 2.6 Fighting
 + Level 6.1 Maces & Flails
 - Level 4.3 Throwing
 - Level 1.7 Dodging
 - Level 0.7 Stealth


You had 4 spell levels left.
You didn't know any spells.

Dungeon Overview and Level Annotations

Branches:
Dungeon (3/27)

Altars:


Innate Abilities, Weirdness & Mutations

You are too large for most types of armour.
You have a fast metabolism.
You can tolerate rotten meat.
You have tough skin (AC +1).


Message History

* * * LOW HITPOINT WARNING * * *
The gnoll hits you but does no damage.
You closely miss the gnoll.
The gnoll is severely wounded.
The gnoll hits you with a spear.
* * * LOW HITPOINT WARNING * * *
The gnoll hits you with a halberd of freezing.
* * * LOW HITPOINT WARNING * * *
The gnoll freezes you.
* * * LOW HITPOINT WARNING * * *
You hit the gnoll.
The gnoll is almost dead.
The gnoll barely misses you.
Unknown command.
You hit the gnoll.
You kill the gnoll!
Your Maces & Flails skill increases to level 6!
You have reached level 5!
The gnoll hits you with a spear.
You die...

#+#+#+#+### .
..........<# .#
#+#+#+#'### .#
...........# #.#####
#########.# ........
#..# ......
#####.#####....
#..........#.#
#.....#....@.#
#.....#....g)#######
#.....#.)......(.....
.......####..)...(.(#
.....................#
................?....
......########......
.... ...... .....


You could see a gnoll.

Vanquished Creatures
  Jessica (D:2)
  3 gnolls (D:3)
  2 adders (D:2)
  2 giant geckos
  An ooze (D:2)
  4 bats (D:2)
  A giant cockroach (D:1)
  6 goblins (D:1)
  6 hobgoblins
  8 jackals (D:2)
  3 kobolds
  4 giant newts
  5 rats
46 creatures vanquished.

Notes
Turn   | Place    | Note
--------------------------------------------------------------
     0 | D:1      | JacquesDerrida, the Ogre Hunter, began the quest for the Orb.
     0 | D:1      | Reached XP level 1. HP: 20/20 MP: 0/0
   170 | D:1      | Reached XP level 2. HP: 8/28 MP: 1/1
   909 | D:1      | Reached XP level 3. HP: 22/35 MP: 2/2
  1408 | D:2      | Reached skill level 5 in Maces & Flails
  1408 | D:2      | Reached XP level 4. HP: 40/44 MP: 3/3
  1410 | D:2      | Noticed Jessica
  1419 | D:2      | Killed Jessica
  1816 | D:3      | HP: 2/44 [gnoll/halberd of freezing (4)]
  1818 | D:3      | Reached skill level 6 in Maces & Flails
  1818 | D:3      | Reached XP level 5. HP: 2/50 MP: 4/4
  1818 | D:3      | Slain by a gnoll

Action                   |  1- 3 |  4- 6 || total
-------------------------+-------+-------++-------
Melee: Club              |   147 |    24 ||   171
Throw: Large rock        |     5 |     6 ||    11
 Stab: Distracted        |     1 |       ||     1
